Map: Port Aleksander LE

Players

JonSnow - Winner!

  • Race: Zerg Zerg
  • League: Grandmaster
  • Spawn Location: 11:00

ROGMeomaika (MeomaikA)

  • Race: Zerg Zerg
  • League: Master
  • Spawn Location: 5:00

Event: 2019 WCS Winter Americas

VOD

Have the link to the VOD?

Description

Time

  • Played on: Feb. 8, 2019, 2:50 p.m.
  • Length: 15:36

All games in this series

Show
View Real Time Build Order
Export as new Build Order

JonSnow Zerg - Winner!

Build Orders: Hatch First 

Get SALT Encoding   

  12  0:01  Drone  
  13  0:13  Overlord  
  13  0:18  Drone  
  14  0:31  Drone  
  14  0:32  Drone  
  16  0:37  Drone  
  17  0:54  Hatchery  
  17  0:57  Drone  
  17  1:02  Extractor  
  17  1:04  Drone  
  17  1:16  Spawning Pool  
  16  1:19  Drone  
  17  1:26  Drone  
  17  1:29  Drone  
  19  1:44  Drone  
  20  1:50  Overlord  
  20  2:03  Zergling x2  
  20  2:05  Queen  
  20  2:06  Queen  
  20  2:07  Zergling x2  
  26  2:11  Metabolic Boost  
  26  2:15  Zergling x2  
  27  2:21  Drone  
  28  2:24  Drone  
  29  2:34  Drone x2  
  31  2:48  Hatchery, Overlord  
  30  2:56  Zergling x6  
  33  3:03  Zergling x2  
  34  3:08  Zergling x2  
  35  3:15  Zergling x12  
  35  3:19  Overlord  
  40  3:27  Drone x2  
  40  3:32  Roach Warren  
  41  3:36  Drone x2  
  43  3:42  Drone  
  35  4:00  Drone x2  
  34  4:13  Roach x2  
  34  4:14  Roach x5  
  34  4:15  Evolution Chamber  
  47  4:22  Roach  
  47  4:23  Roach  
  51  4:31  Overlord  
  51  4:33  Overlord  
  51  4:37  Roach, Zergling x4  
  55  4:44  Roach  
  57  4:52  Zergling x10  
  58  4:58  Zergling x6  
  56  5:01  Zergling x4  
  56  5:04  Zergling x2  
  56  5:09  Zergling x2  
  56  5:10  Zergling x2  
  55  5:15  Drone x3  
  55  5:19  Zerg Missile Weapons Level 1  
  58  5:23  Drone x2  
  60  5:30  Extractor  
  60  5:32  Drone x3  
  62  5:38  Overlord  
  62  5:42  Roach x2  
  66  5:45  Overlord  
  66  5:48  Roach  
  68  5:56  Zergling x6  
  71  6:01  Queen  
  71  6:04  Roach x2  
  74  6:13  Roach x2, Zergling x2  
  79  6:19  Overlord  
  79  6:26  Overlord  
  79  6:27  Overlord  
  79  6:28  Extractor, Drone  
  79  6:34  Roach x2  
  79  6:37  Overlord  
  83  6:45  Roach x2  
  83  6:46  Roach  
  89  6:49  Drone  
  90  6:54  Roach x2  
  95  7:08  Roach x3  
  95  7:09  Roach x2  
  103  7:19  Roach x2  
  107  7:25  Zergling x8  
  111  7:30  Roach  
  107  7:40  Roach x4  
  111  7:44  Roach  
  111  7:45  Zergling x2  
  114  7:55  Roach x2  
  109  7:58  Roach  
  109  7:59  Zergling x2  
  109  8:04  Roach  
  109  8:05  Zergling x2  
  103  8:10  Roach, Zergling x2  
  103  8:11  Zergling x6  
  95  8:16  Roach x2  
  88  8:21  Roach, Zergling x2  
  88  8:26  Roach, Zergling x2  
  90  8:30  Roach  
  88  8:34  Roach, Zergling x2  
  90  8:43  Roach x2  
  90  8:44  Zergling x2  
  90  8:46  Zergling x2  
  90  8:47  Zergling x4  
  89  8:52  Roach  
  89  8:53  Roach  
  81  8:55  Zergling x2  
  81  8:59  Drone x2  
  79  9:03  Drone x2  
  79  9:11  Drone x2  
  79  9:12  Drone x3  
  80  9:21  Roach x3  
  80  9:31  Lair  
  80  9:35  Extractor  
  80  9:36  Roach x3  
  85  9:40  Roach  
  85  9:42  Drone  
  85  9:43  Drone  
  89  9:49  Roach x2  
  91  9:54  Roach x2  
  91  9:59  Roach x2  
  98  10:02  Roach  
  98  10:06  Roach x2  
  103  10:16  Roach  
  103  10:17  Roach x2  
  104  10:27  Roach x4  
  108  10:34  Glial Reconstitution  
  108  10:37  Roach  
  108  10:38  Roach  
  112  10:47  Roach x2  
  112  10:48  Roach  
  118  10:51  Overlord  
  118  10:55  Overlord  
  118  10:57  Overseer  
  118  11:10  Roach x2  
  118  11:18  Roach  
  118  11:19  Roach x5  
  118  11:23  Roach x2  
  116  11:27  Roach  
  116  11:32  Roach x2  
  108  11:35  Roach  
  108  11:39  Roach  
  102  11:46  Roach x3  
  97  11:54  Roach x2  
  97  12:00  Roach x2  
  89  12:03  Roach  
  89  12:06  Roach  
  81  12:09  Drone  
  82  12:16  Drone x2  
  82  12:17  Drone  
  87  12:30  Roach x3  
  87  12:34  Roach x2  
  87  12:35  Ravager  
  87  12:36  Ravager  
  97  12:37  Ravager  
  97  12:42  Roach  
  100  12:47  Roach  
  100  12:48  Roach  
  100  12:51  Ravager  
  105  12:53  Drone x3  
  105  12:55  Drone  
  109  13:01  Zerg Missile Weapons Level 2  
  109  13:06  Overlord  
  109  13:11  Drone x3  
  112  13:16  Ravager  
  112  13:19  Overlord x2  
  113  13:24  Roach  
  115  13:29  Roach x2  
  115  13:30  Ravager  
  120  13:36  Roach  
  120  13:37  Overlord  
  120  13:39  Pneumatized Carapace  
  123  13:48  Ravager, Overlord  
  123  13:49  Overlord  
  123  13:51  Roach  
  125  13:56  Roach x2  
  125  13:57  Drone  
  125  13:58  Drone  
  125  14:00  Drone  
  132  14:05  Roach  
  132  14:07  Drone x2  
  136  14:17  Roach  
  136  14:18  Roach x2  
  142  14:30  Roach  
  142  14:31  Roach x4, Extractor  
  151  14:38  Roach x3  
  128  14:47  Roach x4  
  130  14:55  Roach  
  130  14:56  Roach x3  
  130  15:00  Roach  
  130  15:03  Ravager  
  130  15:04  Ravager  
  134  15:07  Roach x3  
  134  15:12  Roach  
  134  15:13  Roach  
Show
View Real Time Build Order
Export as new Build Order

ROGMeomaika Zerg 

Build Orders: Pool First 

Get SALT Encoding   

  12  0:01  Drone  
  13  0:08  Drone  
  14  0:17  Overlord  
  14  0:25  Extractor  
  14  0:26  Drone  
  15  0:36  Drone x2  
  17  0:46  Spawning Pool  
  17  0:48  Drone  
  17  1:09  Hatchery  
  16  1:11  Drone  
  16  1:14  Extractor  
  16  1:17  Drone  
  19  1:32  Zergling x4  
  19  1:34  Queen  
  19  1:37  Drone  
  22  1:48  Overlord  
  22  2:06  Drone  
  23  2:09  Queen  
  23  2:11  Drone  
  23  2:15  Metabolic Boost  
  26  2:22  Queen  
  26  2:24  Drone  
  26  2:27  Drone  
  30  2:32  Drone  
  31  2:37  Drone  
  31  2:43  Drone  
  33  2:44  Drone  
  33  2:46  Drone  
  35  2:53  Roach Warren  
  35  2:55  Drone  
  35  3:00  Overlord  
  35  3:05  Overlord  
  35  3:08  Drone  
  36  3:20  Zergling x10  
  41  3:33  Roach x4  
  49  3:35  Roach  
  51  3:47  Evolution Chamber  
  50  3:50  Evolution Chamber  
  50  3:52  Roach x2  
  50  3:53  Zergling x4  
  51  3:56  Drone x2  
  51  3:57  Drone  
  51  3:58  Drone  
  52  4:03  Overlord  
  52  4:05  Extractor  
  52  4:06  Zergling x2  
  52  4:07  Extractor  
  52  4:09  Zergling x2  
  52  4:20  Overlord  
  52  4:23  Zergling x8  
  58  4:27  Zergling x4  
  60  4:34  Overlord x2  
  60  4:41  Zergling x10  
  65  4:51  Zergling x2  
  62  4:53  Zergling x2  
  62  4:58  Zergling x6  
  63  5:02  Zergling x6  
  58  5:08  Hatchery  
  58  5:09  Zergling x2  
  58  5:13  Zergling x2  
  54  5:15  Lair  
  54  5:18  Zergling x2  
  54  5:20  Roach  
  53  5:24  Roach  
  53  5:26  Roach  
  55  5:29  Roach  
  55  5:32  Roach  
  55  5:35  Roach  
  61  5:39  Zergling x2  
  61  5:40  Zergling x2  
  63  5:43  Queen  
  65  5:53  Roach  
  65  5:54  Roach x2  
  65  5:55  Roach  
  70  6:05  Drone  
  70  6:08  Roach  
  70  6:09  Roach x3  
  79  6:15  Zergling x2  
  78  6:20  Drone  
  78  6:22  Drone  
  78  6:23  Drone x5  
  85  6:30  Zergling x2  
  85  6:32  Zergling x2  
  85  6:44  Drone x2  
  87  6:49  Drone x2  
  87  6:50  Glial Reconstitution  
  87  6:54  Overlord x3  
  89  6:55  Overlord  
  89  7:10  Overlord  
  89  7:13  Zergling x14  
  89  7:14  Extractor  
  94  7:21  Roach, Queen  
  94  7:22  Queen  
  100  7:23  Roach x2  
  100  7:25  Roach  
  100  7:29  Roach  
  108  7:31  Zergling x8  
  108  7:32  Zergling x2  
  108  7:35  Zergling x2  
  108  7:43  Roach x2  
  105  7:48  Roach  
  107  7:53  Roach  
  107  7:55  Drone  
  107  7:56  Roach  
  104  8:01  Roach  
  92  8:06  Roach  
  92  8:07  Zergling x6  
  92  8:10  Queen x2, Zergling x2  
  92  8:11  Zergling x2  
  87  8:13  Roach  
  87  8:15  Roach  
  87  8:18  Extractor  
  87  8:19  Roach  
  87  8:24  Roach  
  79  8:31  Roach  
  79  8:34  Queen, Zergling x4  
  83  8:36  Roach  
  85  8:44  Roach  
  85  8:46  Queen  
  74  8:48  Roach  
  74  8:50  Roach  
  74  8:51  Zergling x8  
  74  8:54  Zergling x2  
  68  8:56  Zergling x2  
  68  8:59  Zergling x2  
  68  9:05  Roach  
  68  9:12  Zergling x2  
  68  9:13  Zergling x4  
  68  9:14  Zergling x2  
  70  9:20  Roach  
  70  9:21  Roach  
  71  9:25  Roach  
  71  9:29  Roach  
  75  9:31  Roach  
  75  9:34  Roach  
  75  9:37  Roach  
  81  9:43  Roach x2  
  85  9:48  Roach  
  85  9:51  Roach  
  85  9:52  Roach  
  89  9:56  Roach  
  91  10:01  Roach  
  91  10:04  Roach  
  95  10:10  Roach  
  95  10:12  Drone  
  98  10:14  Roach  
  98  10:20  Roach  
  100  10:22  Drone  
  100  10:27  Roach, Drone  
  102  10:34  Drone x2  
  102  10:35  Drone  
  103  10:43  Roach x2  
  103  10:48  Roach  
  109  10:58  Ravager  
  109  10:59  Ravager  
  109  11:00  Ravager  
  109  11:01  Ravager  
  109  11:02  Zergling x8  
  109  11:03  Zergling x2  
  118  11:05  Zergling x2  
  118  11:08  Zergling x2  
  118  11:09  Zergling x2  
  117  11:19  Roach  
  117  11:21  Roach  
  117  11:24  Roach x2  
  117  11:25  Roach  
  117  11:29  Roach  
  111  11:35  Roach x2  
  111  11:37  Roach  
  107  11:47  Roach x2  
  102  11:48  Roach  
  105  11:56  Roach  
  105  11:59  Roach x2  
  77  12:09  Roach x3  
  77  12:11  Queen  
  83  12:17  Roach  
  83  12:18  Roach x2  
  89  12:26  Ravager  
  89  12:27  Ravager  
  89  12:28  Roach  
  95  12:30  Roach  
  95  12:32  Drone  
  96  12:40  Roach  
  96  12:41  Queen  
  96  12:42  Roach  
  96  12:43  Drone  
  104  12:51  Drone x2  
  104  12:52  Drone  
  104  12:54  Extractor  
  105  13:00  Roach  
  105  13:01  Roach x2  
  111  13:06  Ravager x2  
  113  13:14  Roach x2  
  113  13:19  Extractor  
  116  13:31  Roach x3  
  122  13:37  Overlord  
  122  13:38  Overlord  
  122  13:39  Hatchery  
  121  13:41  Overlord  
  121  13:54  Overlord x2  
  121  13:58  Ravager x6  
  121  14:02  Ravager  
  128  14:04  Roach  
  128  14:09  Overlord  
  130  14:11  Overlord  
  130  14:22  Spire  
  87  14:47  Roach  
  87  14:48  Roach x6  
  87  14:52  Roach  
  89  14:57  Roach x3  
  71  15:02  Roach  
  71  15:06  Roach  
  72  15:13  Roach  
  74  15:22  Ravager x7  
Tags
 
Add a new tag
Caveats
  • Supply blocks, unpowered buildings, or Contaminate may cause inaccurate times.
  • Supply counts are checked every 10 seconds.